 Dungeon Crawl Stone Soup version 0.27-a0-96-gb51a1d6fd6 (webtiles) character file.

Game seed: 12815454323708544078

144 hehateme the Digger (level 5, -12/30 HPs)
             Began as a Gargoyle Earth Elementalist on Jan 20, 2021.
             Mangled by an ice beast (14 damage)
             ... on level 5 of the Dungeon.
             The game lasted 00:08:51 (3117 turns).

hehateme the Digger (Gargoyle Earth Elementalist)   Turns: 3117, Time: 00:08:52

Health: -12/30     AC:  6    Str: 11    XL:     5   Next: 27%
Magic:  2/9        EV: 12    Int: 17    God:
Gold:   97         SH:  0    Dex: 10    Spells: 5/9 levels left

rFire    . . .     SeeInvis .   (no weapon)
rCold    . . .     Faith    .   (no shield)
rNeg     + . .     Spirit   .   c - +0 robe
rPois    ∞         Reflect  .   (no helmet)
rElec    +         Harm     .   (no cloak)
rCorr    .         Rampage  .   (no gloves)
Will     .....                  (no boots)
Stlth    ++........             (no amulet)
HPRegen  0.10/turn              (no ring)
MPRegen  0.11/turn              (no ring)

@: no status effects
A: negative energy resistance 1, electricity resistance, unbreathing,
petrification resistance, miasma immunity, AC +4
a: no special abilities


You were on level 5 of the Dungeon.
You visited 1 branch of the dungeon, and saw 6 of its levels.

You collected 97 gold pieces.

Inventory:

Missiles
 f - 7 javelins
 h - 15 poisoned darts
Armour
 a - a +0 helmet
 c - a +0 robe (worn)
 m - a +0 pair of gloves
 n - a scarf of resistance
Scrolls
 b - a scroll of amnesia {unknown}
 e - a scroll of enchant armour {unknown}
 g - a scroll of immolation {unknown}
 i - 2 scrolls of identify
 k - 2 scrolls of remove curse {unknown}
 o - a scroll of fear {unknown}
 p - a scroll of fog {unknown}
Potions
 d - a potion of curing


   Skills:
 + Level 2.2 Fighting
 - Level 1.5 Dodging
 - Level 2.1 Stealth
 + Level 2.8 Spellcasting
 + Level 1.3 Conjurations
 - Level 0.7 Transmutations
 * Level 5.4 Earth Magic


You had 5 spell levels left.
You knew the following spells:

 Your Spells              Type           Power        Failure   Level
a - Sandblast             Erth           40%          1%          1
x - Stone Arrow           Conj/Erth      26%          13%         3

Your spell library contained the following spells:

 Spells                   Type           Power        Failure   Level
 Passwall                 Tmut/Erth      10%          8%          2
 Petrify                  Tmut/Erth      12%          45%         4
 Lee's Rapid Deconstruct  Erth           10%          47%         5


Dungeon Overview and Level Annotations

Branches:
Dungeon (6/15)
 Temple: D:4-7

Altars:
Nemelex Xobeh
The Shining One

Annotations:
D:2 Sigmund


Innate Abilities, Weirdness & Mutations

You are resistant to torment.
Your stone body is resilient. (AC +4)
You are immune to poison.
You resist negative energy. (rN+)
You are resistant to electric shocks. (rElec)
You can survive without breathing.
You are immune to petrification.
You are immune to miasma.


Message History

There is a stone staircase leading up here.
You take 2 damage, and have 8/30 hp.
The centaur wields a +0 shortbow.
The centaur shoots an arrow.
The arrow hits you.
* * * LOW HITPOINT WARNING * * *
The adder bites you but does no damage.
You climb upwards.
The ice beast hits you but does no damage.
The ice beast barely misses you.
There is a stone staircase leading down here.
You take 6 damage, and have 2/30 hp.
You don't have any stones to cast with.
The adder barely misses you. The ice beast misses you.
Unknown command.
The adder closely misses you. The adder bites you but does no damage.
The adder closely misses you.
You hit the ice beast but do no damage. The ice beast hits you.
* * * LOW HITPOINT WARNING * * *
The ice beast freezes you!
You die...

........,,.#
**,**,**,,
.###.####..#*###*
*,,,,,,,*
..##.......,,...###*
****,****
..##.$.....#,,....,*##
*,,,,,
..##..#**..#,*#...,,.#
****** ..!...#
#..#,##..#**.#
..###.###.##.##..# *.#
..##.......#.###.###.#
..##...Y.......Y@SY>.#
.###.......####Z##.###
.# #.......####.##.#
.# #.......#.......#
## #.......#.##.####
#.........Z..#
############.####
....# #.# ###.#
#####.#

Skill      XL: |  1  2  3  4 |
---------------+-------------+-----
Earth Magic    | 4 5 |  5.4
Fighting       | 1 2 |  2.2
Conjurations   | 1 |  1.3
Dodging        | |  1.5
Stealth        | |  2.1
Spellcasting   | |  2.8
Transmutations | |  0.7

Notes
Turn   | Place    | Note
-------+----------+-------------------------------------------
     0 | D:1      | hehateme the Gargoyle Earth Elementalist began the quest
                  | for the Orb.
     0 | D:1      | Reached XP level 1. HP: 10/10 MP: 3/3
   351 | D:1      | Reached skill level 4 in Earth Magic
   351 | D:1      | Reached XP level 2. HP: 11/16 MP: 1/5
   651 | D:1      | Reached skill level 1 in Fighting
   866 | D:1      | Reached XP level 3. HP: 20/20 MP: 3/6
  1547 | D:2      | Noticed Jessica
  1553 | D:2      | Killed Jessica
  1554 | D:2      | Reached skill level 5 in Earth Magic
  1554 | D:2      | Reached XP level 4. HP: 26/26 MP: 5/7
  1763 | D:2      | Learned a level 3 spell: Stone Arrow
  1944 | D:2      | Noticed Sigmund
  2038 | D:2      | Reached skill level 2 in Fighting
  2038 | D:2      | Reached skill level 1 in Conjurations
  2331 | D:2      | Reached XP level 5. HP: 30/30 MP: 5/9
  2852 | D:3      | Found a sparkling altar of Nemelex Xobeh.
  2890 | D:3      | You fall into a shaft and drop 2 floors!
  2890 | D:5      | Entered Level 5 of the Dungeon
  2895 | D:5      | Noticed an ice beast
  2896 | D:5      | Found a glowing golden altar of the Shining One.
  2925 | D:4      | Noticed an ogre
  2925 | D:4      | Noticed an ogre
  3104 | D:5      | Noticed an ice beast
  3110 | D:6      | Noticed an ogre
  3110 | D:6      | Noticed a centaur
  3111 | D:6      | HP: 2/30 [centaur/arrow (6)]
  3117 | D:5      | HP: 2/30 [ice beast (1)]
  3117 | D:5      | Mangled by an ice beast

Table legend: (Time is in decaauts)
 A = Elapsed time spent in this place.
 B = Non-inter-level travel time spent in this place.
 C = Inter-level travel time spent in this place.
 D = Time resting spent in this place.
 E = Time spent auto-exploring this place.
 F = Levels seen in this place.
 G = Mean time per level.
                   A        B        C        D        E       F      G
               +--------+--------+--------+--------+--------+-----+--------+
         Total |   3118 |   2993 |    125 |    313 |   2214 |   6 |  519.7 |
       Dungeon |   3118 |   2993 |    125 |    313 |   2214 |   6 |  519.7 |
               +--------+--------+--------+--------+--------+-----+--------+

Top non-repeatable levels by time:
     D:2: 1485 daAuts
     D:1: 1294 daAuts
     D:5: 223 daAuts
     D:3: 110 daAuts
     D:4: 1 daAuts
     D:6: 1 daAuts

Table legend:
 A = Kills in this place as a percentage of kills in entire the game.
 B = Kills by you in this place as a percentage of kills by you in the entire game.
 C = Kills by friends in this place as a percentage of kills by friends in the entire game.
 D = Other kills in this place as a percentage of other kills in the entire game.
 E = Experience gained in this place as a percentage of experience gained in the entire game.
 F = Experience gained in this place divided by the number of levels of this place that you have seen.
                   A       B       C       D       E      F
               +-------+-------+-------+-------+-------+----------------------
         Total | 100.0 | 100.0 |   N/A |   N/A | 100.0 |  34.5
       Dungeon | 100.0 | 100.0 |   N/A |   N/A | 100.0 |  34.5
               +-------+-------+-------+-------+-------+----------------------

Action                   |  1- 3 |  4- 6 || total
-------------------------+-------+-------++-------
Melee: Unarmed           |    27 |    27 ||    54
Throw: Stone             |     3 |       ||     3
 Cast: Sandblast         |    54 |    26 ||    80
       Stone Arrow       |       |    10 ||    10
  Use: Potion            |       |     4 ||     4
       Scroll            |       |     4 ||     4
Armor: Robe              |    15 |    23 ||    38
Dodge: Dodged            |    42 |    64 ||   106

Vanquished Creatures
  Jessica (D:2)
  5 adders
  A worm (D:3)
  3 dart slugs
  A leopard gecko (D:1)
  4 orcs (D:5)
  6 bats
  2 giant cockroaches (D:1)
  4 goblins
  8 hobgoblins (D:1)
  4 jackals (D:2)
  6 kobolds
  2 quokkas (D:2)
  3 ball pythons
  5 frilled lizards
  7 rats
62 creatures vanquished. You could see 2 ice beasts, an adder and a hornet zombie.

Levels and vault maps discovered:
D:1:      dpeg_arrival_pits, layout_basic
D:2:      layout_basic, uniq_jessica, uniq_sigmund
D:3:      layout_loops_ring, nemelex_xobeh_ov_fountains_minmay, uniq_natasha,
          uniq_grinder, uniq_crazy_yiuf_cottage
D:4:      layout_loops_ring, serial_bayou_pond_d, serial_bayou_pond_a,
          minivault_26, corexii_corridor_pit
D:5:      layout_loops_cross, overflow_temple_1_default
D:6:      layout_cave_pools, elyvilon_altar_5, gammafunk_temple_overflow_arena,
          trog_wizard
